 Dungeon Crawl Stone Soup version 0.22-a0-248-gc8378ba (webtiles) character file.

70 omnomnOMINOUS the Poker (level 4, -9/37 HPs)
             Began as a Merfolk Monk on Feb 28, 2018.
             Mangled by an iguana (10 damage)
             ... on level 2 of the Dungeon.
             The game lasted 00:02:52 (1188 turns).

omnomnOMINOUS the Poker (Merfolk Monk)              Turns: 1188, Time: 00:02:53

Health: -9/37      AC:  3    Str: 11    XL:     4   Next: 22%
Magic:  5/5        EV: 15    Int: 15    God:
Gold:   47         SH:  0    Dex: 16    Spells: 5/5 levels left

rFire    . . .     SeeInvis .   a - +0 spear
rCold    . . .     Gourm    .   (no shield)
rNeg     . . .     Faith    .   b - +0 robe
rPois    .         Spirit   .   (no helmet)
rElec    .         Reflect  .   (no cloak)
rCorr    .         Harm     .   g - +0 pair of gloves
MR       .....                  (no boots)
Stlth    ++........             (no amulet)
HPRegen  0.12/turn              (no ring)
MPRegen  0.09/turn              (no ring)

@: brilliant, about to teleport
A: change form in water, swift swim, stealthy swim
a: no special abilities


You were on level 2 of the Dungeon.
You were not hungry.

You visited 1 branch of the dungeon, and saw 2 of its levels.

You collected 47 gold pieces.

Inventory:

Hand Weapons
 a - a +0 spear (weapon)
Missiles
 e - 13 poisoned needles
Armour
 b - a +0 robe (worn)
 g - a +0 pair of gloves (worn)
Scrolls
 k - a scroll of amnesia
Comestibles
 c - 4 rations
 f - 2 chunks of flesh


   Skills:
 + Level 3.8 Fighting
 * Level 5.6 Polearms
 + Level 4.6 Dodging
 - Level 2.1 Stealth
 + Level 1.2 Spellcasting


You had 5 spell levels left.
You didn't know any spells.

Dungeon Overview and Level Annotations

Branches:
Dungeon (2/15)

Altars:


Message History

You closely miss the iguana.
The iguana bites you but does no damage.
You aren't carrying any potions.
As you read the scroll labeled ISEGREG MYG, it crumbles to dust.
You feel aware of your surroundings.
It was a scroll of magic mapping.
The iguana completely misses you.
As you read the scroll labeled MYLURA GENWU, it crumbles to dust.
It is a scroll of identify.
k - a scroll of amnesia The iguana closely misses you.
The iguana closely misses you.
You see here a bat corpse.
You see here a scroll labeled TITHRO VELI.
d - a scroll labeled TITHRO VELI The iguana bites you!
* * * LOW HITPOINT WARNING * * *
As you read the scroll labeled TITHRO VELI, it crumbles to dust.
You feel strangely unstable.
It was a scroll of teleportation.
The iguana bites you!
You die...

*,,,,,,,,,*****,*,***
*,,,,,,,,,* #.#,..#
*,,,,,,,,,* ###.##..#
*,,,,,,,,,* #.......**
*....(....# #......,,*
**,........# #.....#,,**
#*,,.......###.....#,,,#
.,,,,..............#,..#
,,,,,,....####..@..#...#
,,,,,,,........l.......#
******##...###.†...#...#
### #..#** #..####,..#*
..#####.######.## *,,,..#
#...÷..........# *,,,,.#
#####..>......## *,,,,,#
..##..........# *,,,,,*
#.............#****,,,,,*


You could see an iguana.

Vanquished Creatures
  2 adders (D:2)
  3 worms
  4 dart slugs
  A giant cockroach (D:1)
  5 goblins (D:1)
  A hobgoblin (D:1)
  4 jackals (D:1)
  A ball python (D:1)
  6 bats
  A frilled lizard (D:1)
  5 kobolds
  3 rats (D:1)
36 creatures vanquished.

Notes
Turn   | Place    | Note
-------+----------+-------------------------------------------
     0 | D:1      | omnomnOMINOUS the Merfolk Monk began the quest for the Orb.
     0 | D:1      | Reached XP level 1. HP: 18/18 MP: 1/1
   118 | D:1      | Reached XP level 2. HP: 24/24 MP: 2/2
   203 | D:1      | Reached skill level 5 in Polearms
   427 | D:1      | Reached XP level 3. HP: 29/29 MP: 4/4
   804 | D:1      | Reached skill level 1 in Spellcasting
   885 | D:2      | Reached XP level 4. HP: 37/37 MP: 5/5
  1187 | D:2      | HP: 1/37 [iguana (12)]
  1188 | D:2      | Mangled by an iguana

Vault maps used:
D:1:      dpeg_arrival_rooms_c, st_stairs_4

Skill      XL: |  1  2  3 |
---------------+----------+-----
Polearms       | 5 |  5.6
Spellcasting   | 1 |  1.2
Fighting       | |  3.8
Dodging        | |  4.6
Stealth        | |  2.1

Action                   |  1- 3 |  4- 6 || total
-------------------------+-------+-------++-------
Melee: Spear             |   131 |    35 ||   166
  Use: Scroll            |       |     3 ||     3
       Potion            |       |     2 ||     2
 Stab: Sleeping          |     9 |     1 ||    10
  Eat: Chunk             |       |     1 ||     1
Armor: Robe              |    15 |     5 ||    20
Dodge: Dodged            |    73 |    16 ||    89

Table legend:
 A = Spawn XP
 B = Non-spawn XP
 C = Spawn XP percentage of total XP
 D = Spawn monster count
 E = Non-spawn monster count
 F = Spawn count percentage of total count
 G = Total turns spent on level
                    A         B        C        D         E        F      G
               +---------+---------+-------+---------+---------+-------+---------
         Total |       0 |     101 |   0.0 |       0 |      36 |   0.0 |  1188
               +---------+---------+-------+---------+---------+-------+---------
           D:1 |       0 |      54 |   0.0 |       0 |      28 |   0.0 |  1001
           D:2 |       0 |      47 |   0.0 |       0 |       8 |   0.0 |   187
               +---------+---------+-------+---------+---------+-------+---------
